 Dungeon Crawl Stone Soup version 0.16-a0-1858-gba9b1e2 (webtiles) character file.

163 RobertPalmer the Insei (level 5, -2/37 HPs)
             Began as a Demonspawn Transmuter on Nov 4, 2014.
             Slain by a goblin
             ... wielding a +0 club
              (3 damage)
             ... on level 4 of the Dungeon.
             The game lasted 00:05:02 (3898 turns).

RobertPalmer the Insei (Demonspawn Transmuter)      Turns: 3898, Time: 00:05:02

Health: -2/37      AC:  2    Str: 10    XL:     5   Next: 20%
Magic:  9/9        EV: 12    Int: 15    God:
Gold:   111        SH:  0    Dex: 14    Spells: 2 memorised, 5 levels left

rFire  . . .     SeeInvis .       - Unarmed
rCold  . . .     Clarity  .     c - +0 robe
rNeg   . . .     SustAb   .     (no shield)
rPois  .         Gourm    .     (helmet restricted)
rElec  .         Spirit   .     (no cloak)
rCorr  .         Warding  .     (no gloves)
rMut   .         Stasis   .     (no boots)
MR     .....                    (no amulet)
Stlth  +.........               (no ring)
                                (no ring)

@: lethally poisoned, appendage (expiring), not resistant to hostile
enchantments, very unstealthy
A: horns 2, powered by pain 1
a: End Transformation


You were on level 4 of the Dungeon.
You were not hungry.
You had grown temporary horns.
You visited 1 branch of the dungeon, and saw 4 of its levels.

You collected 111 gold pieces.


Innate Abilities, Weirdness & Mutations

You sometimes gain a little power by taking damage.
You have a pair of horns on your head.


   Skills:
 - Level 1.0 Fighting
 - Level 1.7 Dodging
 + Level 5.4 Unarmed Combat
 - Level 2.0 Spellcasting
 - Level 1.7 Transmutations


You had 5 spell levels left.
You knew the following spells:

 Your Spells              Type           Power        Failure   Level  Hunger
z - Beastly Appendage     Trmt           #.....       12%         1    #......
Z - Sticks to Snakes      Trmt           #.........   17%         2    ###....

Inventory:

Missiles
 b - 41 arrows
Armour
 c - a +0 robe (worn)
Scrolls
 e - 8 scrolls of identify
 g - 2 scrolls of remove curse
 h - 2 scrolls of fog {unknown}
 i - a scroll of noise {unknown}
 j - a scroll of enchant armour {unknown}
 l - a scroll of magic mapping {unknown}
Potions
 k - a potion of magic {unknown}
Books
 d - a book of Changes
Comestibles
 a - 2 bread rations
 f - a meat ration

Dungeon Overview and Level Annotations

Branches:
Dungeon (4/15)
 Temple: D:4-7

Altars:
Dithmenos
Elyvilon
Gozag
Makhleb
Nemelex Xobeh
Trog
Vehumet

Annotations:
D:3 RobertPalmer's ghost, average DsTm

#..# #..# #..# .##
#######..# ... ....(.....#
### #.. #..# #.. ... #..#
#.# #.# #ga# #.# #.# #.@#
#.# #.# .#######..### #.#
#.#
............####.###.####.
.#######...........<......
###...........########
..#.###.####..# #.#.# #.#
#..# #.#.# #.# #..# #.#.#
#.# #...


You could see a worker ant and a goblin.


Message History

The goblin shouts!
Found 15 arrows.
You grow a pair of large bovine horns.
The worker ant barely misses you.
You barely miss the worker ant. The worker ant bites you!
The goblin hits you but does no damage.
You barely miss the worker ant.
Your transformation is almost over.
The worker ant bites you!
You barely miss the worker ant. The goblin hits you with a club.
* * * LOW HITPOINT WARNING * * *
The worker ant bites you.
* * * LOW HITPOINT WARNING * * *
You are poisoned.
The worker ant poisons you!
You feel sick.
You feel sick.
You feel sick. The worker ant bites you.
* * * LOW HITPOINT WARNING * * *
You are more poisoned.
The worker ant poisons you!
Drink which item? (? for menu, Esc to quit)
That liquid tasted very nasty...
You are more poisoned.
It was a potion of poison.
* * * LOW HITPOINT WARNING * * *
You feel sick. The worker ant bites you.
* * * LOW HITPOINT WARNING * * *
The goblin hits you with a club.
You die...

Action                   |  1- 3 |  4- 6 || total
-------------------------+-------+-------++-------
Melee: Unarmed           |   119 |   117 ||   236
 Cast: Beastly Appendage |     6 |    20 ||    26
  Use: Potion            |     1 |     1 ||     2
       Scroll            |       |     1 ||     1
  Eat: Chunk             |     2 |     8 ||    10

Vault maps used:
D:1:      elethiomel_arrival_quiet, hangedman_decor_opposing,
          minmay_misc_feat_chi, nemelex_diamond_rough_becter
D:2:      nicolae_overflow_quartered_altars, overflow_temple_1_default,
          serial_glass, glass_columns_b, glass_columns_b
D:3:      makhleb_altar_promises_db, uniq_natasha
D:4:      first_bread, uniq_pikel, uniq_iyjb

Notes
Turn   | Place    | Note
--------------------------------------------------------------
     0 | D:1      | RobertPalmer, the Demonspawn Transmuter, began the quest for the Orb.
     0 | D:1      | Reached XP level 1. HP: 15/15 MP: 3/3
   112 | D:1      | Reached skill level 3 in Unarmed Combat
   178 | D:1      | Gained mutation: You sometimes gain a little power by taking damage. [demonic ancestry]
   178 | D:1      | Reached XP level 2. HP: 15/21 MP: 4/4
   499 | D:1      | Found a sparkling altar of Nemelex Xobeh.
   777 | D:1      | Reached XP level 3. HP: 24/26 MP: 6/6
   850 | D:2      | Reached skill level 4 in Unarmed Combat
  1654 | D:2      | Learned a level 2 spell: Sticks to Snakes
  1661 | D:2      | Reached XP level 4. HP: 25/32 MP: 5/7
  1852 | D:2      | Found a bloodstained altar of Trog.
  1946 | D:2      | Found an opulent altar of Gozag.
  1946 | D:2      | Found a white marble altar of Elyvilon.
  1947 | D:2      | Found a shadowy altar of Dithmenos.
  2223 | D:2      | Found a radiant altar of Vehumet.
  2966 | D:3      | Reached skill level 5 in Unarmed Combat
  3077 | D:3      | Noticed Natasha
  3083 | D:3      | Killed Natasha
  3083 | D:3      | Reached XP level 5. HP: 15/37 MP: 9/9
  3261 | D:3      | Found a burning altar of Makhleb.
  3261 | D:3      | Noticed a cacodemon
  3265 | D:3      | Noticed a hellwing
  3265 | D:3      | Noticed an orange demon
  3532 | D:3      | Noticed RobertPalmer's ghost (average DsTm)
  3860 | D:4      | Noticed an ogre
  3898 | D:4      | HP: 3/37 [poison (a potion of poison)]
  3898 | D:4      | HP: 1/37 [worker ant (2)]
  3898 | D:4      | Slain by a goblin

Vanquished Creatures
  Natasha (D:3)
  5 adders
  3 worms (D:2)
  A giant mite (D:1)
  A giant gecko (D:1)
  An ooze (D:2)
  3 orcs (D:3)
  A ball python (D:1)
  9 bats
  A bat skeleton (D:4)
  9 hobgoblins
  8 kobolds
  2 quokkas
  5 giant newts
  3 goblins
  6 jackals
  8 rats
  A rat skeleton (D:4)
68 creatures vanquished.
